 Dungeon Crawl Stone Soup version 0.30.0-29-ga12c61a403 (webtiles) character file.

Game seed: 2750433493123642629

22841 BONEBRO the Blocker (level 13, -16/103 HPs)
             Began as a Merfolk Summoner on June 25, 2023.
             Was a Priest of Qazlal.
             Demolished by a titanic slime creature (98 damage)
             ... on level 15 of the Dungeon.
             The game lasted 01:18:49 (17708 turns).

BONEBRO the Blocker (Merfolk Summoner)             Turns: 17708, Time: 01:18:49

Health: -16/103    AC: 12    Str: 17    XL:     13   Next: 2%
Magic:  10/16      EV: 14    Int: 14    God:    Qazlal [***...]
Gold:   856        SH: 17    Dex: 15    Spells: 8/16 levels left

rFire   + . .        M - +2 spear (venom)
rCold   . . .        e - +0 buckler
rNeg    . . .        Y - +0 steam dragon scales
rPois   .            x - +1 helmet of Quantum Leap {rF+ rC- Str+4}
rElec   .            P - +0 cloak
rCorr   .            (no gloves)
SInv    .            (no boots)
Will    ++...        K - amulet of reflection
Stlth   +            l - +4 ring of protection
HPRegen 0.37/turn    B - ring of protection from cold
MPRegen 0.15/turn

%: reflection
@: no status effects
A: (nimble swimmer 2), mertail, deterioration 1, strong-willed 2, subdued magic
1
a: Renounce Religion, Upheaval, Elemental Force


You were on level 15 of the Dungeon.
You worshipped Qazlal.
Qazlal was most pleased with you.
You visited 1 branch of the dungeon, and saw 15 of its levels.

You collected 856 gold pieces.

Inventory:

Hand Weapons
 i - the +1 halberd of Massacring {flame, Contam rC+ Int+4}
   (You found it on level 11 of the Dungeon)

   Int:       It affects your intelligence (+4).
   rC:        It protects you from cold.
   Contam:    It causes magical contamination when unequipped.
 M - a +2 spear of venom (weapon)
 R - the +11 great sword of Wirghoypti {spect, rF+ Will++ Str+5}
   (You took it off an orc on level 8 of the Dungeon)

   Str:       It affects your strength (+5).
   rF:        It protects you from fire.
   Will:      It greatly increases your willpower.
 U - the +4 long sword of the Lurker {flame, Fragile rElec rN+ Stlth+}
   (You found it on level 8 of the Dungeon)

   rElec:     It insulates you from electricity.
   rN:        It protects you from negative energy.
   Fragile:   It will be destroyed if unequipped.
   Stlth:     It makes you more stealthy.
Missiles
 n - 11 boomerangs
 v - 6 javelins
 D - 8 poisoned darts
 O - 5 atropa-tipped darts
 W - 2 throwing nets
Armour
 b - the +2 ring mail "Firchoh" {rF+ Str+4 Int-5}
   (You found it on level 12 of the Dungeon)

   Str:       It affects your strength (+4).
   Int:       It affects your intelligence (-5).
   rF:        It protects you from fire.
 e - a +0 buckler (worn)
 x - the +1 helmet of Quantum Leap (worn) {rF+ rC- Str+4}
   (You found it on level 3 of the Dungeon)

   Str:       It affects your strength (+4).
   rF:        It protects you from fire.
   rC:        It makes you vulnerable to cold.
 H - a +0 tower shield
 P - a +0 cloak (worn)
 Y - +0 steam dragon scales (worn)
Jewellery
 c - an amulet of the acrobat
 h - an amulet of guardian spirit
 l - a +4 ring of protection (left hand)
 t - a ring of flight
 B - a ring of protection from cold (right hand)
 K - an amulet of reflection (around neck)
 Q - an amulet of magic regeneration
 S - a ring of fire
Wands
 a - a wand of acid (3)
 E - a wand of iceblast (19)
 T - a wand of charming (12)
Scrolls
 g - 2 scrolls of vulnerability
 k - 3 scrolls of poison
 m - 3 scrolls of magic mapping
 s - 2 scrolls of teleportation
 u - 2 scrolls of enchant armour
 w - 3 scrolls of immolation
 z - a scroll of enchant weapon {unknown}
 A - a scroll of identify
 J - 3 scrolls of noise {unknown}
 L - a scroll of silence {unknown}
 N - 2 scrolls of amnesia {unknown}
 V - a scroll of torment {unknown}
 X - a scroll of fog {unknown}
Potions
 d - 3 potions of ambrosia
 f - 3 potions of flight
 j - 2 potions of might
 o - 3 potions of attraction
 q - a potion of lignification {unknown}
 r - 2 potions of berserk rage {unknown}
 C - a potion of degeneration {unknown}
 F - 2 potions of resistance
 G - a potion of heal wounds {unknown}
 I - 2 potions of brilliance {unknown}
 Z - 2 potions of curing
Miscellaneous
 p - a phantom mirror


   Skills:
 - Level 10.0 Fighting
 + Level 12.0(12.1) Polearms
 - Level 1.2(5.0) Staves
 - Level 1.0 Ranged Weapons
 - Level 5.0 Dodging
 - Level 2.2 Stealth
 + Level 12.1 Shields
 - Level 0.2 Unarmed Combat
 - Level 2.1 Spellcasting
 + Level 11.6 Summonings
 - Level 5.0 Transmutations


You had 8 spell levels left.
You knew the following spells:

 Your Spells              Type           Power      Damage    Failure   Level
a - Summon Small Mammal   Summ           100%       N/A       1%          1
b - Summon Guardian Gole  Hex/Summ       13%        N/A       6%          3
c - Summon Lightning Spi  Summ/Air       13%        N/A       21%         4

Your spell library contained the following spells:

 Spells                   Type           Power      Damage    Failure   Level
 Call Imp                 Summ           52%        N/A       1%          2
 Call Canine Familiar     Summ           26%        N/A       1%          3
 Summon Ice Beast         Ice/Summ       13%        N/A       21%         4
 Necrotise                Necr           4%         1d4       22%         1
 Cigotuvi's Dreadful Rot  Necr/Pois/Air  2%         N/A       34%         2
 Ignite Poison            Fire/Tmut/Pois 4%         N/A       34%         3
 Summon Mana Viper        Hex/Summ       13%        N/A       52%         5
 Dazzling Flash           Conj/Hex       2%         N/A       58%         3
 Inner Flame              Hex/Fire       1%         N/A       58%         3
 Vampiric Draining        Necr           1%         2d6       58%         3
 Monstrous Menagerie      Summ           13%        N/A       86%         7
 Yara's Violent Unravell  Hex/Tmut       3%         3d4       94%         5
 Agony                    Necr           1%         N/A       100%        5
 Freezing Cloud           Conj/Ice/Air   0%         6-21      100%        5
 Dragon Form              Tmut           5%         N/A       100%        7


Dungeon Overview and Level Annotations

Branches:
Dungeon (15/15)            Temple (0/1) D:6            Lair (0/5) D:10
    Orc (0/2) D:9
 Vaults: D:13-14     Depths: D:15

Altars:
Dithmenos
Gozag
Makhleb
Nemelex Xobeh
Qazlal
Trog
Uskayaw
Xom
Yredelemnul
Zin
The Shining One

Shops:
D:7 *   D:10 *

Annotations:
D:10 3 runed translucent doors, monsoonserge's ghost, journeyman MeRe
D:14 Louise


Innate Abilities, Weirdness & Mutations

((You are very nimble when in or above water. (Stealth+, EV+, Speed+++)))
Your lower body shifts to a powerful aquatic tail in water.
Your body sometimes deteriorates upon taking damage.
You are highly strong-willed. (Will++)
Your spells are a little easier to cast, but a little less powerful.


Message History

The slime creature completely misses you.
The slime creature is engulfed in blazing flames.
Two slime creatures merge to form a large slime creature.
The slime creature is engulfed in blazing flames.
You block the slime creature's attack.
You open the door.
The slime creature is engulfed in blazing flames.
You block the slime creature's attack.
The slime creature is engulfed in a thunderstorm.
Two slime creatures merge to form a large slime creature.
Something hits you.
The large slime creature attacks as you move away!
You block the large slime creature's attack.
The slime creature is engulfed in blazing flames.
The slime creature hits you but does no damage.
The tengu warrior is engulfed in blazing flames.
Your magical contamination has completely faded away.
There is an open door here.
The large slime creature attacks as you move away!
You block the large slime creature's attack.
Something hits you but does no damage.
The slime creature is engulfed in blazing flames.
Two slime creatures merge to form a very large slime creature.
Aiming: Upheaval
Press: ? - help, Dir - move target, f - large slime creature
Aim: a large slime creature (moderately wounded)
The ground shakes violently, spewing rubble!
The blast of rubble hits the large slime creature!
The large slime creature is heavily wounded.
The storm surrounding you is now too weak to repel missiles.
You will no longer adapt resistances upon receiving elemental damage.
Two slime creatures merge to form a titanic slime creature.
You open the door. The titanic slime creature hits you!
A slime creature comes into view.
There is an open door here.
The titanic slime creature is engulfed in a thunderstorm.
The titanic slime creature attacks as you move away!
The titanic slime creature hits you!!!!
Ouch! That really hurt!
You die...

##################
.........#.......#
.........#.......#
........○#.......#
........☼§C......+
....J..@J#.Q.....#
.........#..T....#
...#....#####'#########+
.. #.............#......
#.............#......
#.............#......
#.#...........#......
#.#...####'####.....#
...............<..


You could see an ettin, a titanic slime creature and a slime creature.

Vanquished Creatures
  2 centaur warriors
  An ogre mage (D:12)
  2 skeletal warriors (D:12)
  An orc knight (D:12)
  3 deep elf pyromancers
  A salamander (shapeshifter) (D:14)
  2 manticores
  2 cyclopes (D:13)
  A gargoyle (D:12)
  2 efreet
  Prince Ribbit (D:5)
  5 slime creatures (D:12)
  A shadow (D:12)
  A wraith (D:10)
  2 wyverns
  A vampire (D:11)
  12 yaks
  A basilisk (D:13)
  2 vampire mosquitoes (D:12)
  A steam dragon (D:10)
  A water moccasin (D:7)
  Duvessa (D:7)
  2 orc warriors
  An ice beast (D:8)
  A sky beast (D:7)
  7 centaurs
  4 phantoms
  2 kobold brigands
  5 bullfrogs
  3 scorpions
  2 wights (D:9)
  Dowan (D:7)
  8 killer bees
  3 nameless horrors
  4 howler monkeys
  2 hounds (D:5)
  A jelly (D:6)
  Crazy Yiuf (D:2)
  6 orc priests
  7 iguanas
  A gnoll bouda (D:6)
  11 orc wizards
  8 adders
  10 gnolls
  A shadow imp (D:6)
  5 white imps
  An ufetubus (D:4)
  3 worms
  2 dart slugs
  51 orcs
  5 ball pythons
  6 endoplasms
  A giant cockroach (D:4)
  4 goblins
  4 hobgoblins
  A jackal (D:4)
  15 kobolds
  3 quokkas
  8 bats
  3 frilled lizards
  A rat (D:1)
250 creatures vanquished.

Vanquished Creatures (collateral kills)
  A gargoyle (D:12)
  Sigmund (D:2)
  2 yaks
  An ice beast (D:6)
  A centaur (D:5)
  A wight (D:9)
  A killer bee (D:10)
  Jessica (D:2)
  A gnoll (D:7)
  An adder (D:2)
  A worm (D:2)
  6 orcs
  An endoplasm (D:3)
  2 goblins
  A jackal (D:4)
  2 quokkas
  A ball python (D:4)
  A bat (D:1)
  3 kobolds
  2 rats (D:1)
31 creatures vanquished.

Vanquished Creatures (others)
  2 two-headed ogres
  Urug (D:13)
  2 skeletal warriors (D:12)
  An orc knight (D:12)
  An ugly thing (D:11)
  A gargoyle (D:10)
  A komodo dragon (D:12)
  2 trolls
  A slime creature (D:12)
  A centaur simulacrum (D:12)
  5 yaks
  2 vampire mosquitoes (D:12)
  3 orc warriors
  An ogre (D:7)
  2 wights (D:9)
  A killer bee (D:9)
  A gnoll bouda (D:8)
  An orc priest (D:10)
29 creatures vanquished.

Grand Total: 310 creatures vanquished

Notes
Turn   | Place    | Note
-------+----------+-------------------------------------------
     0 | D:1      | BONEBRO the Merfolk Summoner began the quest for the Orb.
     0 | D:1      | Reached XP level 1. HP: 13/13 MP: 3/3
   254 | D:1      | Reached XP level 2. HP: 18/19 MP: 5/5
   574 | D:1      | Reached skill level 1 in Ranged Weapons
   763 | D:2      | Reached skill level 1 in Fighting
   816 | D:2      | Reached XP level 3. HP: 18/27 MP: 3/6
  1006 | D:2      | Found a runed translucent door.
  1007 | D:2      | Noticed Crazy Yiuf
  1233 | D:2      | Noticed Sigmund
  1329 | D:2      | Killed Sigmund
  1330 | D:2      | Reached skill level 5 in Fighting
  1330 | D:2      | Reached skill level 1 in Polearms
  1330 | D:2      | Reached XP level 4. HP: 25/39 MP: 3/7
  1330 | D:2      | Reached XP level 5. HP: 28/44 MP: 3/8
  1445 | D:2      | Noticed Jessica
  1455 | D:2      | Killed Jessica
  1456 | D:2      | Reached XP level 6. HP: 51/51 MP: 7/9
  1941 | D:2      | Killed Crazy Yiuf
  2158 | D:3      | Identified the +1 helmet of Quantum Leap {rF+ rC- Str+4}
  2348 | D:3      | Found a stormy altar of Qazlal.
  2412 | D:3      | Got the Grimoire of Shifting Imprecation
  2446 | D:3      | Found a shadowy altar of Dithmenos.
  2711 | D:3      | Found a sparkling altar of Nemelex Xobeh.
  2889 | D:3      | Became a worshipper of Qazlal Stormbringer
  2912 | D:3      | Gained mutation: Your spells are a little easier to cast,
                  | but a little less powerful. [potion of mutation]
  2912 | D:3      | Gained mutation: You have a pair of small antennae on your
                  | head. [potion of mutation]
  2912 | D:3      | Gained mutation: You possess an exceptional clarity of
                  | mind. [potion of mutation]
  2913 | D:3      | Lost mutation: You have a pair of small antennae on your
                  | head. [potion of mutation]
  2913 | D:3      | Lost mutation: You possess an exceptional clarity of mind.
                  | [potion of mutation]
  2913 | D:3      | Gained mutation: Your body sometimes deteriorates upon
                  | taking damage. [potion of mutation]
  2913 | D:3      | Gained mutation: You are strong-willed. (Will+) [potion of
                  | mutation]
  2913 | D:3      | Gained mutation: You are highly strong-willed. (Will++)
                  | [potion of mutation]
  3080 | D:4      | Reached skill level 5 in Polearms
  3332 | D:4      | Found an opulent altar of Gozag.
  3482 | D:4      | Reached XP level 7. HP: 56/56 MP: 8/10
  3597 | D:4      | Found a shimmering altar of Xom.
  3672 | D:4      | Found a glowing golden altar of the Shining One.
  4008 | D:5      | Entered Level 5 of the Dungeon
  4141 | D:5      | Reached * piety under Qazlal
  4373 | D:5      | Noticed Prince Ribbit
  4448 | D:5      | Killed Prince Ribbit
  4449 | D:5      | Reached skill level 5 in Summonings
  4449 | D:5      | Reached XP level 8. HP: 28/63 MP: 7/11
  5462 | D:5      | Reached skill level 5 in Dodging
  5607 | D:6      | Found a basalt altar of Yredelemnul.
  5620 | D:6      | Reached ** piety under Qazlal
  5996 | D:6      | Identified the +7 dagger "Genkofas" {spect, *Rage rC+ rN+
                  | Int+8}
  6111 | D:6      | Found a staircase to the Ecumenical Temple.
  6269 | D:6      | Reached XP level 9. HP: 69/69 MP: 9/12
  6541 | D:6      | Found a glowing silver altar of Zin.
  6610 | D:6      | Learned a level 3 spell: Summon Guardian Golem
  6879 | D:7      | Noticed Dowan
  6882 | D:7      | Noticed Duvessa
  6891 | D:7      | Killed Duvessa
  6902 | D:7      | Reached skill level 1 in Shields
  6902 | D:7      | Reached skill level 1 in Transmutations
  6909 | D:7      | Killed Dowan
  7186 | D:7      | Reached skill level 10 in Polearms
  7402 | D:7      | Found Juexkog's General Store.
  7518 | D:7      | Found a burning altar of Makhleb.
  7529 | D:7      | Reached *** piety under Qazlal
  8194 | D:7      | You fall into a shaft and drop 3 floors!
  8194 | D:10     | Entered Level 10 of the Dungeon
  8234 | D:10     | Noticed a two-headed ogre
  8244 | D:10     | Killed a two-headed ogre
  8245 | D:10     | Reached skill level 5 in Transmutations
  8245 | D:10     | Reached XP level 10. HP: 40/79 MP: 7/13
  8390 | D:9      | Noticed a two-headed ogre
  8400 | D:9      | Found a staircase to the Orcish Mines.
  8959 | D:8      | Identified the +11 great sword of Wirghoypti {spect, rF+
                  | Will++ Str+5}
  9166 | D:8      | Identified the +4 long sword of the Lurker {flame, Fragile
                  | rElec rN+ Stlth+}
  9952 | D:8      | Found a bloodstained altar of Trog.
  9960 | D:8      | Reached skill level 5 in Shields
 10459 | D:9      | Killed a two-headed ogre
 10498 | D:10     | Noticed a gargoyle
 10579 | D:9      | Reached **** piety under Qazlal
 10605 | D:9      | Reached XP level 11. HP: 55/87 MP: 2/14
 10856 | D:9      | Reached skill level 10 in Summonings
 11511 | D:10     | Found Weamm's General Store.
 11836 | D:10     | Found a hide-covered altar of Uskayaw.
 11836 | D:10     | Noticed a +0 hand axe
 11836 | D:10     | Noticed a +0 hand axe
 12082 | D:10     | Found a staircase to the Lair.
 12232 | D:10     | Found a runed translucent gate.
 12232 | D:10     | Found a runed translucent gate.
 12233 | D:10     | Found a runed translucent gate.
 12237 | D:10     | Noticed monsoonserge's ghost (journeyman MeRe)
 12315 | D:11     | Learned a level 4 spell: Summon Lightning Spire
 12656 | D:11     | Identified the +1 halberd of Massacring {flame, Contam rC+
                  | Int+4}
 13224 | D:11     | Noticed a brown ugly thing
 13228 | D:11     | Noticed a manticore
 13241 | D:11     | Killed a brown ugly thing
 13251 | D:11     | Killed a manticore
 13548 | D:12     | Reached skill level 10 in Fighting
 13556 | D:12     | Noticed an ogre mage
 13562 | D:12     | Noticed a manticore
 13567 | D:12     | Noticed a deep elf pyromancer
 13688 | D:13     | Noticed a deep elf pyromancer
 13702 | D:13     | Killed a deep elf pyromancer
 13707 | D:13     | Noticed a centaur warrior
 13719 | D:13     | Killed a centaur warrior
 13757 | D:13     | Noticed Urug
 13773 | D:13     | Killed Urug
 13870 | D:13     | Noticed a cyclops
 13884 | D:13     | Killed a cyclops
 14217 | D:13     | Noticed a cyclops
 14231 | D:13     | Killed a cyclops
 14232 | D:13     | Reached skill level 1 in Staves
 14232 | D:13     | Reached skill level 10 in Shields
 14597 | D:12     | Noticed a skeletal warrior
 14597 | D:12     | Noticed a skeletal warrior
 14598 | D:12     | Noticed a skeletal warrior
 14616 | D:12     | Killed a skeletal warrior
 14617 | D:12     | Reached XP level 12. HP: 76/97 MP: 4/15
 15329 | D:12     | Identified the +2 ring mail "Firchoh" {rF+ Str+4 Int-5}
 15414 | D:12     | Killed an ogre mage
 17645 | D:14     | Noticed a centaur warrior
 17651 | D:14     | Killed a centaur warrior
 17652 | D:14     | Reached XP level 13. HP: 89/103 MP: 16/16
 17667 | D:14     | Noticed Louise
 17677 | D:15     | Entered Level 15 of the Dungeon
 17690 | D:15     | Noticed an ettin
 17708 | D:15     | Demolished by a titanic slime creature

Illustrated notes

Levels and vault maps discovered:
D:1:      dpeg_arrival_brainrot, layout_basic, minmay_tromino_mix6
D:2:      layout_loops_corners, uniq_crazy_yiuf_cottage, uniq_sigmund,
          uniq_jessica
D:3:      layout_rooms, lemuel_coloured_pillars_altar,
          grunt_dithmenos_smoke_and_mirrors, nicolae_qazlal_scattered_showers
D:4:      layout_basic, tso_oasis_becter, grunt_gozag_statues, lemuel_tele_altar
D:5:      layout_basic, uniq_prince_ribbit1
D:6:      layout_rooms, mainiacjoe_overflow_catch_the_wave,
          minmay_temple_entry_arrows
D:7:      minmay_evil_eye, layout_cave_pods,
          mainiacjoe_overflow_concentric_impassable, serial_shops, shop,
          kennysheep_generic_room_10, uniq_duvessa
D:8:      layout_loops_corners, trog_hazing_becter
D:9:      layout_small_grid, orc_0_dummy
D:10:     layout_roguey, dancing_weapons_uskayaw, lair_entry_dummy,
          serial_shops, shop, gammafunk_ghost_spectres, wad_floor_pattern_2
D:11:     layout_basic
D:12:     minmay_blocky_corners, layout_loops_ring, minmay_quadrilaterals
D:13:     layout_irregular_city, nicolae_figureground_pulse, uniq_urug
D:14:     layout_cave_pools, skrybe_vaults_entry_preservation,
          hangedman_abyss_or_decor_lesser_grid, serial_shops, bzr_in_the_mist,
          nicolae_sif_muna_condensation, uniq_louise
D:15:     hangedman_depths_entry_civil_slaughter, layout_grid_maze,
          nicolae_lava_and_water

Skill      XL: |  1  2  3  4  5  6  7  8  9 10 11 12 13 |
---------------+----------------------------------------+-----
Ranged Weapons | 1 |  1.0
Fighting       | 1 5 6 7 8 10 | 10.0
Polearms       | 1 2 5 6 9 10 11 12 | 12.0
Dodging        | 3 4 5 |  5.0
Summonings     | 5 6 7 9 10 11 | 11.6
Shields        | 4 5 10 12 | 12.1
Transmutations | 5 |  5.0
Staves         | 1 |  1.2
Stealth        | |  2.2
Unarmed Combat | |  0.2
Spellcasting   | |  2.1

Action                     |  1- 3 |  4- 6 |  7- 9 | 10-12 | 13-15 || total
---------------------------+-------+-------+-------+-------+-------++-------
  Melee: Unarmed           |     7 |       |       |       |       ||     7
         Halberd           |       |   101 |   238 |       |       ||   339
         Spear             |       |       |   144 |   781 |    12 ||   937
         Tailslap          |       |       |       |     1 |       ||     1
   Fire: Sling             |    90 |       |       |       |       ||    90
   Cast: Summon Small Mamm |    24 |    61 |   123 |    69 |       ||   277
         Summon Guardian G |       |       |     6 |    57 |     1 ||    64
         Summon Lightning  |       |       |       |    13 |       ||    13
 Invoke: Upheaval          |       |       |       |     1 |     1 ||     2
  Evoke: Wand              |       |       |       |     2 |       ||     2
    Use: Scroll            |       |     7 |     4 |    12 |       ||    23
         Potion            |       |     3 |     2 |     6 |       ||    11
   Stab: Sleeping          |       |     2 |       |       |       ||     2
         Distracted        |       |       |     2 |     5 |       ||     7
 Armour: Robe              |    15 |    41 |    75 |    26 |       ||   157
         Steam dragon scal |       |       |       |    45 |     3 ||    48
         Leather armour    |       |       |       |     1 |       ||     1
  Dodge: Dodged            |    34 |    53 |   175 |   163 |     3 ||   428
         Repelled          |       |       |       |     5 |       ||     5
  Block: Buckler           |    10 |       |    23 |   280 |    11 ||   324
         Other             |       |       |    11 |       |       ||    11
         Tower shield      |       |       |    25 |       |       ||    25
         Reflection        |       |       |       |    17 |       ||    17
